 Dungeon Crawl Stone Soup version 0.27-a0-1448-g9c78c815f3 (webtiles) character file.

Game seed: 12471442959805819851

19 Froggeryz the Ruffian (level 2, -5/24 HPs)
             Began as a Ghoul Gladiator on July 5, 2021.
             Slain by Natasha (8 damage)
             ... on level 2 of the Dungeon.
             The game lasted 00:01:29 (802 turns).

Froggeryz the Ruffian (Ghoul Gladiator)              Turns: 802, Time: 00:01:29

Health: -5/24      AC:  9    Str: 17    XL:     2   Next: 75%
Magic:  1/1        EV:  7    Int:  3    God:
Gold:   52         SH:  0    Dex: 10    Spells: 1/1 levels left

rFire    . . .     SeeInvis .     - Unarmed
rCold    + . .     Faith    .   (no shield)
rNeg     + + +     Spirit   .   h - +0 chain mail
rPois    ∞         Reflect  .   b - +0 helmet
rElec    .         Harm     .   (no cloak)
rCorr    .         Rampage  .   (no gloves)
Will     .....                  (no boots)
Stlth    ..........             g - amulet of regeneration
HPRegen  0.00/turn              (no ring)
MPRegen  0.07/turn              (no ring)

@: slowed, very slow
A: claws 1, cold resistance 1, negative energy resistance 3, inhibited
regeneration, torment resistance 2
a: no special abilities


You were on level 2 of the Dungeon.
You visited 1 branch of the dungeon, and saw 2 of its levels.

You collected 52 gold pieces.

Inventory:

Hand Weapons
 d - a +0 hunting sling
Missiles
 c - 3 throwing nets (quivered)
 e - 18 stones
Armour
 b - a +0 helmet (worn)
 h - a +0 chain mail (worn)
Jewellery
 a - an amulet of guardian spirit
 g - an amulet of regeneration (around neck)
Scrolls
 j - a scroll of enchant weapon {unknown}
Potions
 f - a potion of curing {unknown}


   Skills:
 - Level 2.1 Fighting
 - Level 2.1 Throwing
 + Level 0.3 Armour
 - Level 2.6 Dodging
 * Level 4.0 Unarmed Combat


You had one spell level left.
You didn't know any spells.
Your spell library was empty.

Dungeon Overview and Level Annotations

Branches:
Dungeon (2/15)

Altars:

Annotations:
D:2 Natasha, Terence


Innate Abilities, Weirdness & Mutations

You thrive by killing the living.
You are immune to poison.
You have sharp fingernails.
Your flesh is cold resistant. (rC+)
You are immune to negative energy. (rN+++)
You do not regenerate when monsters are visible.
You are immune to unholy pain and torment.


Message History

You shoot a stone. The stone barely misses Natasha.
Okay, then.
You are now empty-clawed.
You barely miss Natasha.
Natasha is heavily wounded.
Natasha barely misses you.
You scratch Natasha but do no damage.
Natasha is heavily wounded.
Natasha misses you. Natasha barely misses you.
You closely miss Natasha.
Natasha is heavily wounded.
Natasha claws you.
You closely miss Natasha.
Natasha is heavily wounded.
Natasha barely misses you. Natasha claws you!
You are too injured to fight recklessly!
You are too injured to fight recklessly!
You closely miss Natasha.
Natasha is heavily wounded.
Natasha claws you but does no damage.
You scratch Natasha.
Natasha is almost dead.
Natasha casts a spell at you.
You feel as though you will be slow longer.
Natasha stares at you and mumbles some strange words.
You resist with significant effort.
You barely miss Natasha.
Natasha is almost dead.
Natasha stares at you and mumbles some strange words.
The magic dart hits you.
* * * LOW HITPOINT WARNING * * *
You closely miss Natasha.
Natasha is almost dead.
Natasha claws you but does no damage. Natasha casts a spell at you.
You resist with significant effort.
You barely miss Natasha.
Natasha is almost dead.
Natasha claws you!
You die...

........... ### ... .........
...... #.....# .....# #.....#
.....+ ###.....# ....#######
........# .#..########..........
........# .............###...###
.......(###########.)...#G#...#G#
.........(..(..h@.'.....###...###
.............######..............
.............# #........._....
######.......# #..............
#..@....# #.....###...###
#.......# #.....#G#...#G#
#....)55######.....###...###
#.....@............. .......
#######.############ #####..


You could see Natasha.

Vanquished Creatures
  A dart slug (D:1)
  A giant cockroach (D:1)
  3 hobgoblins (D:1)
  2 ball pythons (D:1)
  2 bats (D:1)
  A frilled lizard (D:1)
  3 goblins
  2 kobolds (D:1)
  2 rats
17 creatures vanquished.

Notes
Turn   | Place    | Note
-------+----------+-------------------------------------------
     0 | D:1      | Froggeryz the Ghoul Gladiator began the quest for the Orb.
     0 | D:1      | Reached XP level 1. HP: 17/17 MP: 0/0
   261 | D:1      | Reached XP level 2. HP: 24/24 MP: 1/1
   611 | D:1      | Reached skill level 4 in Unarmed Combat
   701 | D:2      | Noticed Natasha
   702 | D:2      | Noticed Terence
   720 | D:2      | Noticed a crimson imp
   749 | D:2      | Found a faded altar of an unknown god.
   751 | D:2      | Noticed a floating eye
   751 | D:2      | Noticed a shining eye
   757 | D:2      | Noticed a shining eye
   760 | D:2      | Noticed a shining eye
   802 | D:2      | Slain by Natasha

Illustrated notes

Levels and vault maps discovered:
D:1:      elethiomel_arrival_infinity_welcomes_careful_drivers, layout_basic,
          minivault_11, minmay_statues_item, minmay_tetromino_i4
D:2:      layout_basic, hellmonk_ecumenical_altar_watching_god, uniq_terence,
          uniq_natasha, uniq_sigmund

Skill      XL: |  1  2 |
---------------+-------+-----
Throwing       | 2 |  2.1
Unarmed Combat | 4 |  4.0
Fighting       | |  2.1
Armour         | |  0.3
Dodging        | |  2.6

Action                   || total
-------------------------++-------
Melee: Unarmed           ||    64
 Fire: Hunting sling     ||     5
  Use: Scroll            ||     2
       Potion            ||     2
Armor: Leather armour    ||    10
       Chain mail        ||    15
Dodge: Dodged            ||    28

Table legend: (Time is in decaauts)
 A = Elapsed time spent in this place.
 B = Non-inter-level travel time spent in this place.
 C = Inter-level travel time spent in this place.
 D = Time resting spent in this place.
 E = Time spent auto-exploring this place.
 F = Levels seen in this place.
 G = Mean time per level.
                   A        B        C        D        E       F      G
               +--------+--------+--------+--------+--------+-----+--------+
         Total |    810 |    795 |     15 |      6 |    603 |   2 |  405.0 |
       Dungeon |    810 |    795 |     15 |      6 |    603 |   2 |  405.0 |
               +--------+--------+--------+--------+--------+-----+--------+

Top non-repeatable levels by time:
     D:1: 653 daAuts
     D:2: 157 daAuts
